[Event "Late-Titled-Tuesday-Blitz-May-07-2024"]
[Site "Chess.com"]
[Date "2024.05.07"]
[Round "6"]
[White "Hakiki_satranc"]
[Black "andrew-blr"]
[Result "0-1"]
[WhiteElo "2406"]
[BlackElo "2597"]
[TimeControl "180+1"]
[EndTime "15:06:46 PDT"]
[Termination "andrew-blr won by checkmate"]

1. e4 c5 2. Nf3 e6 3. d4 cxd4 4. Nxd4 Bc5 5. Nc3 Qb6 6. Be3 Nc6 7. Na4 Qa5+ 8. c3 Bxd4 9. Bxd4 Nxd4 10. Qxd4 e5 11. Qc4 Nf6 12. Nc5 O-O 13. Nb3 Qb6 14.
Bd3 d6 15. Bc2 Be6 16. Qe2 Rac8 17. O-O Bc4 18. Bd3 Bxb3 19. axb3 a6 20. b4 Rfe8 21. Rfe1 d5 22. exd5 Nxd5 23. Bxh7+ Kf8 24. Bc2 Nf4 25. Qe4 g6 26. Ra5 f5 27. Qe3 Qxe3 28. Rxe3 e4 29. g3 Ne6 30. Ba4 Red8 31. Re5 Ng5 32. Kg2 Rd2 33.
b5 Rxb2 34. bxa6 bxa6 35. Ra5 Rd8 36. Re1 Rdd2 37. Rf1 e3 38. Rxa6 Rxf2+ 39. Rxf2 Rxf2+ 40. Kg1 Ra2 41. Bb5 Nf3+ 42. Kf1 Rf2# 0-1

[Event "Late-Titled-Tuesday-Blitz-May-07-2024"]
[Site "Chess.com"]
[Date "2024.05.07"]
[Round "6"]
[White "MITerryble"]
[Black "Onischuk_V"]
[Result "1-0"]
[WhiteElo "3024"]
[BlackElo "2824"]
[TimeControl "180+1"]
[EndTime "15:06:47 PDT"]
[Termination "MITerryble won on time"]

1. d4 d6 2. Nf3 g6 3. Bg5 Bg7 4. c3 h6 5. Bh4 f5 6. e3 Nf6 7.
Nbd2 e6 8. Bd3 O-O 9. Qc2 Qe7 10.
h3 e5 11. dxe5 dxe5 12. Bxf6 Bxf6 13. e4 f4 14. Rd1 Nd7 15. b4 a5 16. a3 axb4 17.
axb4 Kg7 18. Nc4 Rd8 19. O-O Nf8 20. Na5 g5 21. Nh2 c5 22. Nc4 Be6 23. b5 Ng6 24. Nb6 Ra2 25. Qb1 Ra3 26. Qb2 Ra2 27. Qb1 Ra3 28. Nd5 Bxd5 29. exd5 Nh4 30. c4 e4 31.
Bxe4 Bd4 32. Kh1 Re8 33. Bd3 Qd6 34. Qc2 Rc3 35. Qd2 Rb3 36. Rde1 Rb2 37. Bc2 Rxe1 38. Rxe1 Ng6 39. Qd3 Nf8 40. Nf3 Bf6 41. Nd2 Qd7 42. Ne4 Qf7 43. Nxc5 g4 44. Ne6+ Nxe6 45. dxe6 1-0

[Event "Late-Titled-Tuesday-Blitz-May-07-2024"]
[Site "Chess.com"]
[Date "2024.05.07"]
[Round "6"]
[White "lamomiajunior"]
[Black "wannabe2700"]
[Result "1-0"]
[WhiteElo "2765"]
[BlackElo "2556"]
[TimeControl "180+1"]
[EndTime "15:06:47 PDT"]
[Termination "lamomiajunior won by checkmate"]

1. d4 a5 2. e4 Ra6 3. Bxa6 Nxa6 4. Nf3 b6 5. O-O Bb7 6. Re1 e6 7. c4 Ne7 8. Nc3 Ng6 9. d5 Be7 10. Be3 O-O 11. Qd2 Nc5 12. Rad1 Qc8 13. e5 d6 14.
exd6 cxd6 15. Bg5 f6 16. Be3 e5 17. b3 h6 18. Nb5 f5 19. Bxc5 bxc5 20. Qxa5 e4 21. Nd2 Nf4 22. Nf1 Bd8 23. Qa7 Rf6 24. Ng3 Rg6 25. Qa4 h5 26. Na7 Qc7 27. Qe8+ Kh7 28. Nb5 Qa5 29. b4 cxb4 30. Nxf5 Rxg2+ 31. Kh1 Qxa2 32. Qxe4 Rxh2+ 33. Kxh2 Qxf2+ 34. Kh1 g6 35. Rf1 Qe2 36. Qxf4 Bc8 37. Ng3 Qc2 38. Rde1 Bg4 39.
Nxd6 Bc7 40. Qf7+ Kh6 41. Qxc7 h4 42. Nf7+ Kg7 43. Qe5+ Kh7 44. Qh8# 1-0

[Event "Late-Titled-Tuesday-Blitz-May-07-2024"]
[Site "Chess.com"]
[Date "2024.05.07"]
[Round "6"]
[White "besarquis"]
[Black "ccccvhhhj"]
[Result "1/2-1/2"]
[WhiteElo "2305"]
[BlackElo "2483"]
[TimeControl "180+1"]
[EndTime "15:06:49 PDT"]
[Termination "Game drawn by repetition"]

1. e4 e6 2. d4 d5 3. exd5 exd5 4.
Bd3 Nf6 5. Nf3 Bg4 6. h3 Bh5 7. O-O Be7 8. Nbd2 O-O 9. Re1 c6 10. Nf1 Bd6 11. Ng3 Bg6 12. Ne5 Nbd7 13. f4 Bxd3 14.
Qxd3 c5 15. Nf5 Qc7 16. Be3 c4 17. Qd1 g6 18. Nxd6 Qxd6 19. Qf3 b5 20. Re2 Ne4 21. Rf1 f5 22. g4 a5 23. g5 b4 24. h4 a4 25. h5 c3 26. bxc3 bxc3 27. hxg6 hxg6 28.
Rh2 Nxe5 29. dxe5 Qe7 30. Bd4 Qg7 31. Qe3 Nd2 32. Rd1 Rab8 33. e6 Qxd4 34. Qxd4 Nf3+ 35. Kf2 Nxd4 36. Rxd4 Rfe8 37. Rxd5 Rxe6 38. Rd7 Rb2 39. Rd8+ Kg7 40. Rd7+ Kg8 41. Rd8+ Kg7 42. Rd7+ Kg8 1/2-1/2

[Event "Late-Titled-Tuesday-Blitz-May-07-2024"]
[Site "Chess.com"]
[Date "2024.05.07"]
[Round "6"]
[White "MiguelBestard1981"]
[Black "ab-lsv"]
[Result "0-1"]
[WhiteElo "2186"]
[BlackElo "2377"]
[TimeControl "180+1"]
[EndTime "15:06:49 PDT"]
[Termination "ab-lsv won on time"]

1. e4 c6 2. Nf3 d5 3. d3 g6 4. c3 Bg7 5. Be3 e5 6. exd5 cxd5 7. d4 e4 8. Nfd2 f5 9. h4 Be6 10. Bb5+ Nd7 11. h5 g5 12. h6 Bxh6 13. Nb3 f4 14. Nc5 Ke7 15. Nxe6 Kxe6 16. Qg4+ Ke7 17. Rxh6 Nxh6 18. Qxg5+ Nf6 19. Bxf4 Nf7 20. Qh4 Qg8 21. Be5 Qg5 22. Qh2 Nxe5 23. dxe5 Ng4 24. Qg3 Qc1+ 25. Ke2 Qxb2+ 26. Ke1 Rhg8 27. Qh4+ Ke6 28. Be2 Qxa1 29. Bxg4+ Rxg4 30. Qxg4+ Kxe5 31. Qg5+ Kd6 32. Qf6+ Kd7 33. Qf7+ Kc6 34. Qf6+ Kb5 35. a4+ Ka5 36. Qd4 Qxb1+ 37. Ke2 Qa2+ 38. Ke3 Qc4 39. Qf6 Rc8 0-1

[Event "Late-Titled-Tuesday-Blitz-May-07-2024"]
[Site "Chess.com"]
[Date "2024.05.07"]
[Round "6"]
[White "Goryachkina"]
[Black "Sinquefield"]
[Result "0-1"]
[WhiteElo "2689"]
[BlackElo "2546"]
[TimeControl "180+1"]
[EndTime "15:06:50 PDT"]
[Termination "Sinquefield won on time"]

1. e4 e6 2. d4 d5 3. Nd2 Nf6 4. e5 Nfd7 5. Bd3 c5 6. c3 Nc6 7.
Ne2 cxd4 8. cxd4 f6 9. exf6 Nxf6 10. Nf3 Bd6 11. O-O Qc7 12. Bg5 O-O 13. Bh4 Nh5 14. Bg3 Nxg3 15. hxg3 a6 16. Rc1 g6 17. a3 Qg7 18. Bc2 Bd7 19. Qd2 Rf6 20. Rfe1 Raf8 21. Ba4 b5 22. Bd1 h6 23. Rc2 g5 24. g4 Rxf3 25. gxf3 Rxf3 26. Rc3 Rf7 27. Rd3 e5 28. Ng3 e4 29. Nh5 Qh8 30. Bb3 exd3 31. Bxd5 Qxd4 32. Bxf7+ Kxf7 33. Re3 Ne5 34. Ng3 Qxg4 35. Qc3 Nf3+ 36. Kg2 Nh4+ 37. Kg1 Nf3+ 38. Kg2 Nh4+ 39. Kg1 Qd1+ 40.
Re1 Qf3 0-1

[Event "Late-Titled-Tuesday-Blitz-May-07-2024"]
[Site "Chess.com"]
[Date "2024.05.07"]
[Round "6"]
[White "realburq"]
[Black "xakevicius91"]
[Result "1-0"]
[WhiteElo "2357"]
[BlackElo "2502"]
[TimeControl "180+1"]
[EndTime "15:06:50 PDT"]
[Termination "realburq won on time"]

1. e4 c5 2. c3 g6 3. d4 cxd4 4. cxd4 d5 5. e5 a6 6. Nc3 Nc6 7. h3 Bg7 8. Nf3 f6 9. Be2 Nh6 10. exf6 exf6 11. O-O O-O 12. b3 Nf5 13. Ba3 Re8 14. Re1 b5 15. Bc5 Be6 16. g4 Nd6 17.
Bd3 Qd7 18. Nh2 Nb7 19. b4 Nd6 20. Qf3 Nc4 21. Re2 Bf7 22. Rae1 Rxe2 23. Rxe2 Re8 24.
Rxe8+ Qxe8 25. Nxd5 Qe1+ 26. Nf1 Qe6 27. Nf4 Qd7 28.
Ne3 Nxd4 29. Qa8+ Be8 30. Bxd4 Nd6 31. Nfd5 h5 32. Nxf6+ Bxf6 33. Bxf6 hxg4 34. hxg4 Qe6 35. Bxg6 Qxf6 36. Bxe8 Kg7 37. Bh5 Qa1+ 38. Kg2 Qxa2 39. Qa7+ Kh8 40. Qe7 Qd2 41. Nf5 Qd5+ 42. Kg3 1-0

[Event "Late-Titled-Tuesday-Blitz-May-07-2024"]
[Site "Chess.com"]
[Date "2024.05.07"]
[Round "6"]
[White "GMMikhailKazakov"]
[Black "mfschulz"]
[Result "1-0"]
[WhiteElo "2514"]
[BlackElo "2329"]
[TimeControl "180+1"]
[EndTime "15:06:50 PDT"]
[Termination "GMMikhailKazakov won by resignation"]

1. c4 e5 2. e3 Nf6 3. Nc3 d5 4.
cxd5 Nxd5 5. d3 Nc6 6. Nf3 Bb4 7. Bd2 O-O 8. Be2 Bg4 9. O-O Nxc3 10. Bxc3 Bxc3 11.
bxc3 Qf6 12. Nd2 Bxe2 13. Qxe2 Rfd8 14. d4 Qg6 15. Nf3 exd4 16. cxd4 b6 17. Rac1 Rd7 18. Qb5 Rd6 19. Rc3 a6 20. Qb1 Qg4 21. Rfc1 Rg6 22.
Ne1 Nxd4 23. exd4 Re8 24. Rg3 Qxd4 25. Nf3 Qd6 26. Qc2 Rxg3 27. hxg3 c5 28. Rd1 Qe6 29.
Qd2 h6 30. Qd7 Qxd7 31. Rxd7 Re2 32. Rd2 Rxd2 33. Nxd2 b5 34. Ne4 c4 35. Kf1 f5 36.
Nc5 a5 37. Ke2 b4 38. Ke3 g5 39. Kd4 c3 40. Kd3 Kf7 41. Nb3 a4 42. Nc5 b3 43.
axb3 axb3 44. Nxb3 Ke6 45. Kxc3 Ke5 46. Kd3 f4 47. g4 f3 48. g3 1-0

[Event "Late-Titled-Tuesday-Blitz-May-07-2024"]
[Site "Chess.com"]
[Date "2024.05.07"]
[Round "6"]
[White "Harsha_Bharathakoti"]
[Black "Mikhail_Golubev"]
[Result "1/2-1/2"]
[WhiteElo "2930"]
[BlackElo "2617"]
[TimeControl "180+1"]
[EndTime "15:06:52 PDT"]
[Termination "Game drawn by repetition"]

1. d4 Nf6 2. c4 d6 3. Nc3 g6 4.
e4 Bg7 5. Be2 O-O 6. Be3 c5 7.
d5 e6 8. Nf3 exd5 9. cxd5 b5 10.
e5 dxe5 11. Bxc5 Re8 12. Bxb5 Bd7 13. Be2 Bg4 14. O-O e4 15. Nd4 Bxe2 16. Ndxe2 Nbd7 17. Bd4 Nb6 18. Qb3 Nbxd5 19. Rad1 Rb8 20. Qa3 Nxc3 21. Nxc3 Qc8 22. Qxa7 Rxb2 23. Nd5 Rb7 24. Qa5 Nxd5 25. Bxg7 Kxg7 26. Qxd5 Rbe7 27. Rfe1 Qe6 28. a4 Qxd5 29. Rxd5 e3 30. f3 Ra8 31. Rd4 Rea7 32. Ra1 Rc7 33. Re4 Rc2 34. Rxe3 Rb8 35. Kh1 Rbb2 36. Rg1 Ra2 37. Re4 Ra3 38. Rd4 Rca2 39. Rc4 Rxa4 40. Rxa4 Rxa4 41. h3 Ra7 42. Kh2 Re7 43. Kg3 h5 44.
Rh1 Re5 45. h4 Rf5 46. Rg1 Re5 47. Rh1 Rf5 48. Rg1 Re5 49. Rh1 1/2-1/2

[Event "Late-Titled-Tuesday-Blitz-May-07-2024"]
[Site "Chess.com"]
[Date "2024.05.07"]
[Round "6"]
[White "Abund"]
[Black "TigrVShlyape"]
[Result "0-1"]
[WhiteElo "2776"]
[BlackElo "2971"]
[TimeControl "180+1"]
[EndTime "15:06:53 PDT"]
[Termination "TigrVShlyape won by resignation"]

1. e4 e5 2. Nf3 Nc6 3. Bb5 Nf6 4. d3 d6 5. c3 Bd7 6. O-O g6 7. Re1 Bg7 8. Nbd2 O-O 9. Nf1 Re8 10. Ng3 Na5 11.
Ba4 Bxa4 12. Qxa4 Nc6 13. d4 Nd7 14. Bg5 Bf6 15. Bh6 Bg7 16. Bg5 Bf6 17. Bh6 Nb6 18.
Qd1 d5 19. exd5 Qxd5 20. dxe5 Nxe5 21. Qxd5 Nxd5 22. Nxe5 Rxe5 23. Rxe5 Bxe5 24. Re1 f6 25. Bc1 Kf7 26. Kf1 b5 27. Ne4 a5 28. g3 c6 29. Nc5 a4 30. Nd3 Bd6 31. Bd2 h5 32.
h4 c5 33. a3 c4 34. Nc1 Nc7 35.
Ne2 Ne6 36. Be3 Rd8 37. Rd1 Bc7 38. Rxd8 Bxd8 39. Nd4 Nxd4 40. Bxd4 Ke6 41. Ke2 Kf5 42. Kf3 g5 43. Be3 Be7 44. Bd4 Bd6 45. Be3 g4+ 46.
Ke2 Ke4 47. Bd2 f5 48. Bg5 f4 49. gxf4 Bxf4 50. Be7 Bc1 51. Kd1 Bxb2 52. Kc2 Kf3 53.
Bc5 Bxa3 54. Bxa3 Kxf2 55. Bc5+ Kf3 56. Kb2 g3 57. Ka3 g2 58. Kb4 Kg3 59. Bg1 Kxh4 60.
Kxb5 a3 61. Kxc4 a2 62. Bd4 a1=Q 0-1

[Event "Late-Titled-Tuesday-Blitz-May-07-2024"]
[Site "Chess.com"]
[Date "2024.05.07"]
[Round "6"]
[White "Zhigalko_Sergei"]
[Black "Mikayel99"]
[Result "1-0"]
[WhiteElo "2879"]
[BlackElo "2594"]
[TimeControl "180+1"]
[EndTime "15:06:53 PDT"]
[Termination "Zhigalko_Sergei won by checkmate"]

1. e4 c5 2. Nf3 d6 3. d4 cxd4 4. Qxd4 Nc6 5. Bb5 a6 6. Bxc6+ bxc6 7. c4 e5 8. Qd3 Be7 9. O-O Nf6 10. Nc3 O-O 11. c5 Qc7 12. cxd6 Bxd6 13. Bg5 Be7 14. Rac1 h6 15. Bxf6 Bxf6 16. Qe3 Qa5 17. b3 Rd8 18. Na4 Bg4 19. h3 Bxf3 20. Qxf3 Qd2 21. Nb6 Rab8 22. Rxc6 Qxa2 23. Nd5 Bg5 24. b4 a5 25. Rc7 Rf8 26. Ra7 a4 27. g3 Qb3 28. Qf5 Ra8 29. Rxa8 Rxa8 30. h4 a3 31. hxg5 hxg5 32. Qxg5 a2 33. Qxe5 Qb1 34. Qa1 Qb3 35. Re1 Rc8 36.
Kg2 Rc2 37. Qe5 Qb1 38. Qe8+ Kh7 39. Rxb1 axb1=Q 40. Qxf7 Rc6 41. Qf5+ Kh8 42. Ne7 Rh6 43.
Qf8+ Kh7 44. Qg8# 1-0

[Event "Late-Titled-Tuesday-Blitz-May-07-2024"]
[Site "Chess.com"]
[Date "2024.05.07"]
[Round "6"]
[White "StellarChess"]
[Black "IndianSchoolOfSuffering"]
[Result "0-1"]
[WhiteElo "2616"]
[BlackElo "2425"]
[TimeControl "180+1"]
[EndTime "15:06:54 PDT"]
[Termination "IndianSchoolOfSuffering won on time"]

1. d4 Nf6 2. Bg5 Ne4 3. Bf4 c5 4. f3 Qa5+ 5. c3 Nf6 6. Nd2 cxd4 7. Nb3 Qb6 8. Qxd4 Nc6 9. Qxb6 axb6 10. Nd4 e5 11. Nxc6 exf4 12. Nd4 d5 13. Kf2 Bd7 14. g3 fxg3+ 15. hxg3 b5 16. a3 b4 17. cxb4 Bxb4 18. Rd1 Bc5 19. e3 O-O 20. Nh3 Rfe8 21. Nf4 Re7 22.
Nh5 Nxh5 23. Rxh5 Bc6 24. Rc1 Bxd4 25. exd4 Rae8 26. Bd3 g6 27. Rhh1 Re3 28. Rcd1 Kg7 29. Rd2 h5 30. Rc1 R3e6 31. b4 Rf6 32. b5 Bd7 33. Rc7 Bg4 34. Be2 Rxe2+ 35. Kxe2 Rxf3 36. Rxb7 Rxg3+ 37. Kf2 Rf3+ 38. Kg2 Rxa3 39. Rf2 Bf5 40. b6 h4 41. Rc7 h3+ 42. Kh2 Rb3 43. b7 Kh6 44.
Rxf7 Kg5 45. Rc7 Kg4 46. Ra2 Be4 47. Re7 g5 48. Rf2 Rb1 49. Rxe4+ dxe4 50. Rf7 e3 51. Re7 Rb2+ 52. Kh1 Kf3 53. d5 e2 54. d6 Rxb7 0-1

[Event "Late-Titled-Tuesday-Blitz-May-07-2024"]
[Site "Chess.com"]
[Date "2024.05.07"]
[Round "6"]
[White "Caterpiller35"]
[Black "azikom"]
[Result "0-1"]
[WhiteElo "2435"]
[BlackElo "2744"]
[TimeControl "180+1"]
[EndTime "15:06:54 PDT"]
[Termination "azikom won by resignation"]

1. d4 d5 2. Bf4 e6 3. e3 Bd6 4. Bd3 Bxf4 5. exf4 c5 6. dxc5 Qc7 7. Qd2 Qxc5 8. Nf3 Nc6 9. O-O Nge7 10. c3 a6 11. Na3 O-O 12. Nc2 h6 13. Rfe1 Bd7 14.
Rad1 Rfc8 15. Ncd4 Nxd4 16. Nxd4 b5 17. f5 Nxf5 18.
Bxf5 exf5 19. Re5 Re8 20. Rde1 Rxe5 21. Rxe5 f6 22. Re1 Qd6 23. Qd3 g6 24. h4 h5 25.
a3 Kg7 26. Re3 Rf8 27. Qe2 Rf7 28. Qf3 f4 29. Re1 Bg4 30. Qd3 Re7 31. Rxe7+ Qxe7 32. f3 Bd7 33. Kf2 f5 34. g3 fxg3+ 35. Kxg3 f4+ 36. Kxf4 Qxh4+ 37. Ke3 Qg5+ 38. Kf2 h4 39. Qe3 Qxe3+ 40. Kxe3 g5 41. Kf2 Kf6 42. Kg2 Ke5 43. Kf2 Kf4 44.
Ne2+ Ke5 45. Nd4 a5 46. Ne2 a4 47. Nd4 Kd6 48. Nc2 Kc5 49. Ne3 d4 50. cxd4+ Kxd4 51. f4 g4 52. f5 g3+ 53. Kf3 Ke5 54. Kg4 Ke4 55. Ng2 Bxf5+ 56. Kxh4 Kf3 0-1

[Event "Late-Titled-Tuesday-Blitz-May-07-2024"]
[Site "Chess.com"]
[Date "2024.05.07"]
[Round "6"]
[White "Emp3rador"]
[Black "Mops_2004"]
[Result "0-1"]
[WhiteElo "2635"]
[BlackElo "2808"]
[TimeControl "180+1"]
[EndTime "15:06:55 PDT"]
[Termination "Mops_2004 won on time"]

1. e4 c5 2. Nf3 Nc6 3. Bb5 e6 4. O-O Nge7 5. Re1 Nd4 6. Bf1 Nxf3+ 7. Qxf3 Nc6 8. b3 Be7 9. Bb2 O-O 10. Qg3 Bf6 11. e5 Bh4 12. Qg4 f5 13. Qf3 b6 14.
d3 Bb7 15. Nd2 Rb8 16. Qd1 Be7 17. Nf3 g5 18. h3 h5 19. g4 Qe8 20. Bg2 Qg6 21. Nh2 hxg4 22. hxg4 Nb4 23. Bxb7 Rxb7 24. a3 Nd5 25. c3 Rbb8 26. c4 Nf4 27. Re3 d5 28. exd6 Bxd6 29. Be5 Bxe5 30. Rxe5 Rb7 31.
Qf3 Rh7 32. Nf1 fxg4 33. Qxg4 Nh3+ 34. Kg2 Rxf2+ 35. Kg3 Rf5 36. Rae1 Nf4 37. Rxf5 exf5 38. Qd1 Rh3+ 39. Kf2 Rxd3 40. Qc2 Qf6 41. Ne3 Qd4 42. Qc1 Rd2+ 43. Kg1 Nh3+ 44. Kh1 Qe4+ 0-1

[Event "Late-Titled-Tuesday-Blitz-May-07-2024"]
[Site "Chess.com"]
[Date "2024.05.07"]
[Round "6"]
[White "Fore_Man"]
[Black "betta2004"]
[Result "1/2-1/2"]
[WhiteElo "2287"]
[BlackElo "2476"]
[TimeControl "180+1"]
[EndTime "15:06:56 PDT"]
[Termination "Game drawn by stalemate"]

1. Nf3 g6 2. d4 Bg7 3. e4 c5 4.
c3 d5 5. exd5 Qxd5 6. Na3 a6 7.
Nc4 Bg4 8. Be2 Nd7 9. Ne3 Qe4 10.
h3 cxd4 11. hxg4 dxe3 12. Bxe3 Ngf6 13. g5 Ng4 14. Rh4 Nxe3 15. Rxe4 Nxd1 16. Rxd1 e6 17. Rc4 b5 18. Rc7 Nb6 19. Nd4 Nd5 20. Rb7 O-O 21. Bf3 Rab8 22. Rxb8 Rxb8 23. Bxd5 exd5 24. Nc6 Re8+ 25.
Kf1 Re6 26. Nb4 Bf8 27. Nxd5 Rd6 28. Nf6+ Kh8 29. Rxd6 Bxd6 30. Ne4 Be7 31. Ke2 Kg7 32. f4 h6 33. gxh6+ Kxh6 34. Kf3 f5 35. Nf2 g5 36. fxg5+ Kxg5 37. b3 Bd6 38. c4 bxc4 39. bxc4 Kf6 40.
Nd3 Bc7 41. g4 fxg4+ 42. Kxg4 Ke6 43. Kf3 Kd6 44. Ke4 Kc6 45. a4 a5 46. Kd4 Bb6+ 47. c5 Bd8 48. Kc4 Bf6 49. Nf4 Be5 50. Nd5 Bh2 51.
Ne7+ Kd7 52. Nf5 Kc6 53. Nd4+ Kc7 54. Kb5 Bg1 55. Nb3 Kb7 56. Nxa5+ Kc7 57. Nc4 Bh2 58. a5 Bg1 59. a6 Kb8 60. Nd6 Ka7 61. Nc4 Ka8 62. Na5 Ka7 63. Nc6+ Ka8 64. Kc4 Bxc5 65.
Kxc5 1/2-1/2

[Event "Late-Titled-Tuesday-Blitz-May-07-2024"]
[Site "Chess.com"]
[Date "2024.05.07"]
[Round "6"]
[White "MaiqMaster"]
[Black "youngdinousaur"]
[Result "1-0"]
[WhiteElo "2500"]
[BlackElo "2312"]
[TimeControl "180+1"]
[EndTime "15:06:57 PDT"]
[Termination "MaiqMaster won on time"]

1. e4 c5 2. Nc3 Nc6 3. Bb5 Nd4 4. Nf3 Nxb5 5. Nxb5 g6 6. d4 a6 7. Nc3 Bg7 8. d5 d6 9. O-O Nf6 10. a4 Nd7 11. Nd2 O-O 12. Nc4 b6 13. Be3 Rb8 14. Qd2 Qc7 15. Bh6 b5 16. axb5 axb5 17. Na5 b4 18. Bxg7 Kxg7 19. Nc6 bxc3 20. Qxc3+ f6 21. Nxb8 Qxb8 22. Ra4 Bb7 23. Rfa1 Qc7 24. b4 Rb8 25. Ra7 Qb6 26. bxc5 Nxc5 27. Qe3 Ra8 28. Rxa8 Bxa8 29. f4 Bb7 30. e5 Bxd5 31. exf6+ exf6 32. Rd1 Bf7 33. Kh1 Qc6 34. Qe7 d5 35. c4 dxc4 36. Rd6 Qb7 37. Qxf6+ Kh6 38. Qg5+ Kg7 39. Qxc5 Qb1+ 40.
Qg1 Qe4 41. Qa1+ Kh6 42. Qc1 Kg7 43. Qc3+ Kh6 44. Qc1 Bd5 45. f5+ Kg7 46. Qc3+ Kh6 47.
Qd2+ Kg7 48. Rxd5 Qb1+ 49. Qd1 Qxd1+ 50. Rxd1 1-0

[Event "Late-Titled-Tuesday-Blitz-May-07-2024"]
[Site "Chess.com"]
[Date "2024.05.07"]
[Round "6"]
[White "RuperezA"]
[Black "Mischuk_D"]
[Result "1-0"]
[WhiteElo "2661"]
[BlackElo "2799"]
[TimeControl "180+1"]
[EndTime "15:07:00 PDT"]
[Termination "RuperezA won by resignation"]

1. e4 e6 2. b3 d5 3. Bb2 Nc6 4. e5 d4 5. Nf3 Bc5 6. Bb5 Ne7 7. O-O a6 8. Bd3 Ng6 9. Re1 Nb4 10.
Bxg6 hxg6 11. c3 Nd3 12. cxd4 Nxe1 13. Qxe1 Be7 14. Nc3 b6 15. Qe4 Rb8 16. Rc1 Bb7 17. Qe3 Bxf3 18. Qxf3 Qxd4 19. Qc6+ Qd7 20. Qc4 Qxd2 21.
Qxc7 Rd8 22. Qc6+ Kf8 23. Rb1 Bc5 24. Qf3 Qc2 25. Rd1 Rxd1+ 26. Nxd1 Kg8 27. g4 g5 28. Bc3 Rh4 29. b4 Bf8 30. h3 Rh6 31. Kg2 f6 32. exf6 gxf6 33. Bxf6 Rg6 34. Be5 Qc4 35. a3 Qd5 36. Ne3 Qxf3+ 37. Kxf3 Kf7 38. Ke4 Be7 39. f4 Rg8 40. f5 exf5+ 41. Nxf5 Rc8 42. Bd4 Bd8 43. Nd6+ Ke6 44. Nxc8 Kd7 45. Nxb6+ Kc6 46. Nd5 Kb5 47. Bf6 1-0

[Event "Late-Titled-Tuesday-Blitz-May-07-2024"]
[Site "Chess.com"]
[Date "2024.05.07"]
[Round "6"]
[White "Fins0905"]
[Black "WilsonPalencia21"]
[Result "0-1"]
[WhiteElo "2728"]
[BlackElo "2561"]
[TimeControl "180+1"]
[EndTime "15:07:00 PDT"]
[Termination "WilsonPalencia21 won by resignation"]

1. e4 c5 2. Nf3 d6 3. d4 cxd4 4. Nxd4 Nf6 5. Nc3 g6 6. Be3 Bg7 7. f3 O-O 8. Qd2 Nc6 9. Bc4 Ne5 10. Bb3 Bd7 11. O-O-O Rc8 12. h4 h5 13. Kb1 Re8 14.
Bh6 Bxh6 15. Qxh6 Rxc3 16. bxc3 a5 17. a3 Qb6 18. Ka1 Qc5 19. Qc1 a4 20. Ba2 Qxc3+ 21.
Qb2 Qc7 22. Rhe1 b5 23. f4 Nc4 24. Bxc4 Qxc4 25. e5 Nd5 26. e6 fxe6 27. Nxe6 Bxe6 28. Rxe6 Nxf4 29. Re3 Nxg2 30. Rc3 Qe2 31. Rg1 Rf8 32. Rg3 Rf1+ 33. Rxf1 Qxf1+ 34. Ka2 Qf7+ 35. Ka1 Nxh4 36.
Qxb5 Nf5 37. Rg1 Qf6+ 38. Kb1 h4 39. Qxa4 Kg7 40. Qg4 d5 41. a4 Ne3 42. Qg5 Qb6+ 43.
Kc1 Nf5 44. Re1 Qc5 45. Qf4 Qa3+ 46. Kd2 d4 47. Qe5+ Kh6 48. Qf4+ Kg7 49. Qe5+ Kh7 50.
Qe6 Qxa4 51. Qf7+ Kh6 52. Re6 Qb4+ 53. Ke2 d3+ 54. Kf2 Qf4+ 55. Ke1 d2+ 56. Kd1 Ne3+ 57. Rxe3 Qxf7 58. Kxd2 Qf2+ 59. Kd3 Qf5+ 60. Kd2 h3 0-1

[Event "Late-Titled-Tuesday-Blitz-May-07-2024"]
[Site "Chess.com"]
[Date "2024.05.07"]
[Round "6"]
[White "NMJeevanK"]
[Black "N_Mullodzhanov"]
[Result "1-0"]
[WhiteElo "2762"]
[BlackElo "2555"]
[TimeControl "180+1"]
[EndTime "15:07:01 PDT"]
[Termination "NMJeevanK won by checkmate"]

1. d4 Nf6 2. c4 g6 3. Nc3 Bg7 4. g3 O-O 5. Bg2 d6 6. Nf3 c5 7. d5 e6 8. O-O exd5 9. cxd5 Re8 10. Bf4 a6 11. Re1 b5 12. Qd2 Bb7 13. Bh6 b4 14.
Na4 Bxd5 15. Rad1 Bc6 16. Nxc5 Bxh6 17. Qxh6 Qb6 18. Rxd6 Ng4 19. Qc1 Nd7 20. Nd3 Rac8 21.
Qf4 Re4 22. Qd2 Nc5 23. Nxc5 Qxc5 24. Rd8+ Re8 25. Rxe8+ Rxe8 26. Qd4 Qh5 27. h3 Nh6 28. Qxb4 a5 29. Qc3 Bd5 30. a3 f5 31. Rd1 Bf7 32. e3 f4 33. gxf4 Bd5 34. Rxd5 Qxd5 35.
Ne5 Qe6 36. Qd3 Nf7 37. Bd5 Qd6 38. Bxf7+ Kf8 39. Qxd6+ Kg7 40. Bxe8 a4 41. Qe7+ Kh6 42. Qg5+ Kg7 43. Bxg6 Kh8 44. Qd8+ Kg7 45. Qe7+ Kh6 46. Qxh7# 1-0

[Event "Late-Titled-Tuesday-Blitz-May-07-2024"]
[Site "Chess.com"]
[Date "2024.05.07"]
[Round "6"]
[White "Veleamater"]
[Black "GlavkonVVS"]
[Result "1-0"]
[WhiteElo "2445"]
[BlackElo "2654"]
[TimeControl "180+1"]
[EndTime "15:07:03 PDT"]
[Termination "Veleamater won by resignation"]

1. g3 Nf6 2. Bg2 d5 3. d3 Bf5 4. Nf3 c6 5. O-O e6 6. Nc3 h6 7. h3 Bh7 8. Nd4 Be7 9. e4 O-O 10. e5 Nfd7 11. f4 Bc5 12. Ne2 f6 13. Kh2 Qe7 14.
exf6 Qxf6 15. Nb3 Bd6 16. d4 Na6 17. c3 Nc7 18. Nd2 c5 19. Nf3 cxd4 20. Qxd4 Bc5 21. Qxf6 gxf6 22. Ned4 Rae8 23. Nb3 Bd6 24. Be3 b6 25.
Rae1 Kg7 26. Rf2 e5 27. Bd2 exf4 28. Bxf4 Bxf4 29. gxf4 Rxe1 30. Nxe1 Re8 31. Nf3 Bb1 32. a3 Nc5 33. Nbd4 Be4 34. Nh4 Kh7 35. Bf1 N7e6 36.
Ndf5 Rd8 37. Bg2 Bxg2 38. Nxg2 Nd3 39. Rd2 Ndxf4 40. Nxf4 Nxf4 41. Ne7 Ne6 42. Nc6 Rd7 43. Kg3 Kg6 44. Kf3 Kf7 45. Nb4 d4 46. Nc6 Ng5+ 47.
Kg4 d3 48. Nd4 Kg6 49. Rxd3 f5+ 50. Kf4 Ne6+ 51. Ke5 Nxd4 52. cxd4 Re7+ 53. Kd6 Re2 54. b4 f4 55. Kc7 Re3 56. Rd2 f3 57. d5 Re2 58.
Rd3 Rc2+ 59. Kb7 f2 60. Rf3 Rc3 61. Rxf2 Rxa3 62. d6 Rd3 63. Kc7 a5 64. bxa5 bxa5 65.
d7 Kh5 66. d8=Q Rxd8 67. Kxd8 Kh4 68. Rf3 a4 69. Ke7 1-0

[Event "Late-Titled-Tuesday-Blitz-May-07-2024"]
[Site "Chess.com"]
[Date "2024.05.07"]
[Round "6"]
[White "jcibarra"]
[Black "The_Machine04"]
[Result "1-0"]
[WhiteElo "2927"]
[BlackElo "2779"]
[TimeControl "180+1"]
[EndTime "15:07:04 PDT"]
[Termination "jcibarra won by checkmate"]

1. d3 d6 2. e4 Nf6 3. Nc3 e5 4. g3 Be7 5. Bg2 c5 6. Nge2 Nc6 7. O-O O-O 8. h3 Nd4 9. f4 Be6 10. f5 Bd7 11. g4 h6 12. Ng3 Nh7 13. Nd5 Bc6 14. c3 Bxd5 15. exd5 Nb5 16. Ne4 Nc7 17. c4 Ne8 18. Be3 Bh4 19. b4 b6 20. a4 cxb4 21. a5 bxa5 22. Qa4 Nef6 23. Nd2 Bg5 24. Bxg5 Qb6+ 25. Kh2 Nxg5 26. Qxa5 Qe3 27. Qxb4 Qxd3 28. Nf3 Nxf3+ 29. Rxf3 Qd4 30. Rff1 Rfd8 31. Rad1 Qb6 32.
Qd2 Rab8 33. Rc1 e4 34. Qf4 Re8 35. h4 e3 36. g5 hxg5 37. hxg5 Nd7 38. Rf3 Qb2 39.
Rxe3 Rxe3 40. Qxe3 Qe5+ 41. Qxe5 Nxe5 42. Ra1 Nxc4 43.
Rxa7 Ne3 44. g6 Rf8 45. Be4 fxg6 46. fxg6 Re8 47. Kg3 Kf8 48. Rf7+ Kg8 49. Rd7 Kf8 50. Kf4 Nc4 51. Bf5 Rb8 52. Rf7+ Kg8 53. Be6 Kh8 54. Rf5 Ne5 55. Rh5# 1-0

[Event "Late-Titled-Tuesday-Blitz-May-07-2024"]
[Site "Chess.com"]
[Date "2024.05.07"]
[Round "6"]
[White "Maitreia"]
[Black "ImportedItalianMaple"]
[Result "1-0"]
[WhiteElo "2705"]
[BlackElo "2529"]
[TimeControl "180+1"]
[EndTime "15:07:05 PDT"]
[Termination "Maitreia won by resignation"]

1. c4 g6 2. Nc3 Bg7 3. g3 d6 4.
Bg2 Nc6 5. Nf3 e5 6. O-O f5 7. d3 Nf6 8. Rb1 O-O 9. b4 h6 10. b5 Ne7 11. a4 g5 12. Ba3 Ng6 13. c5 Re8 14. cxd6 cxd6 15. Nd2 d5 16. b6 a6 17. a5 Be6 18. Na4 Rc8 19. Nc5 Qe7 20. Nxe6 Qxa3 21. Nc7 Red8 22. Nb3 Qd6 23. Qc2 Kh7 24.
Qc5 f4 25. Qxd6 Rxd6 26. Rfc1 Ne8 27. Bh3 Rb8 28. Nc5 Nf6 29. Bf5 h5 30. N5xa6 bxa6 31. Nxa6 Rf8 32. Nc7 Nd7 33. Bxd7 Rxd7 34. b7 e4 35.
b8=Q Rxb8 36. Rxb8 f3 37. exf3 exd3 38. Rb7 d2 39. Rd1 Ne5 40. a6 Nc4 41. a7 Rd8 42.
a8=Q Rxa8 43. Nxa8 Kg6 44. Rxg7+ Kxg7 45. Nc7 d4 46.
Ne6+ Kf6 47. Nxd4 Ke5 48. Nb3 Kf5 49. Rxd2 Ne5 50. Kg2 g4 51. fxg4+ hxg4 52. Rd5 Ke4 53. Rxe5+ Kxe5 54. Nc1 Kf5 55. Ne2 Ke4 56. Nc3+ Kf5 57.
Nd1 Ke4 58. Ne3 Ke5 59. Nxg4+ Kf5 60. h3 Ke4 61. h4 Kf5 62. Ne3+ Ke4 63. Kh3 Kd3 1-0